 Dungeon Crawl Stone Soup version 0.31-a0-193-gdfe2569204 (webtiles) character file.

Game seed: 16515877207097641689

81 qw the Shooter (level 4, 0/25 HPs)
             Began as a Deep Elf Hunter on June 23, 2023.
             Succumbed to an adder's poison
             ... on level 2 of the Dungeon.
             The game lasted 00:00:29 (1199 turns).

qw the Shooter (Deep Elf Hunter)                    Turns: 1199, Time: 00:00:29

Health: 0/25       AC:  3    Str: 10    XL:     4   Next: 20%
Magic:  6/6        EV: 12    Int: 14    God:
Gold:   37         SH:  0    Dex: 18    Spells: 3/3 levels left

rFire   . . .        Y - +0 shortbow
rCold   . . .        (shield currently unavailable)
rNeg    . . .        c - +0 leather armour
rPois   .            (no helmet)
rElec   .            (no cloak)
rCorr   .            (no gloves)
SInv    .            (no boots)
Will    .....        (no amulet)
Stlth   ++           (no ring)
HPRegen 0.24/turn    (no ring)
MPRegen 0.10/turn

%: no passive effects
@: lethally poisoned (0 -> -2)
A: no striking features
a: no special abilities


You were on level 2 of the Dungeon.
You visited 1 branch of the dungeon, and saw 2 of its levels.

You collected 37 gold pieces.


   Skills:
 - Level 1.5 Fighting
 + Level 7.6 Ranged Weapons
 - Level 2.4 Dodging
 - Level 1.2 Stealth


You had 3 spell levels left.
You didn't know any spells.
Your spell library was empty.

Inventory:

Hand Weapons
 Y - a +0 shortbow (weapon)
Armour
 c - a +0 leather armour (worn)
Scrolls
 a - 2 scrolls of identify
 b - a scroll of poison {unknown}
 d - a scroll of blinking {unknown}
Potions
 e - a potion of heal wounds {unknown}
 f - 2 potions of resistance {unknown}
 h - a potion of attraction {unknown}

Dungeon Overview and Level Annotations

Branches:
Dungeon (2/15)

Altars:
Nemelex Xobeh

Shops:
D:2 :


Message History

Enter note:
Enter note: You shoot an arrow.
The arrow closely misses the adder.
The adder bites you.
You are poisoned.
The adder poisons you! The adder bites you but does no damage.
You shoot an arrow. The arrow misses the adder.
You feel sick. The adder misses you.
You shoot an arrow. The arrow barely misses the adder.
You feel sick. The adder barely misses you.
You shoot an arrow. The arrow barely misses the adder.
You feel sick. The adder bites you. The adder bites you but does no damage.
You shoot an arrow. The arrow closely misses the adder.
You feel sick. The adder bites you.
You are more poisoned.
The adder poisons you!
You shoot an arrow. The arrow completely misses the adder.
You feel sick. The adder bites you. The adder misses you.
You shoot an arrow. The arrow hits the adder.
The adder is moderately wounded.
You feel sick. The adder bites you.
You are lethally poisoned!
The adder poisons you!
You shoot an arrow. The arrow hits the adder!
You kill the adder!
You feel very sick.
There is a lethal amount of poison in your body!
You feel sick.
There is a lethal amount of poison in your body!
You feel sick.
There is a lethal amount of poison in your body!
You feel sick.
There is a lethal amount of poison in your body!
You feel sick.
There is a lethal amount of poison in your body!
You feel sick.
There is a lethal amount of poison in your body!
You feel sick.
There is a lethal amount of poison in your body!
You die...

#.####.#.## #.####.#.#
.....<...# .....#.###
.._....# .....#.#
.......# ########
..>.##.#########.%....#
....#.........##@#
.........####.##.#
....#...#####.##.####
...###..##..........#
...........##.##.##.#
..####..#####.##... ..
..# ##..# #.##.### ##
#.###...#####.##.#
#.##..........##.#


There were no monsters in sight!

Vanquished Creatures
  An adder (D:2)
  3 gnolls (D:2)
  A dart slug (D:2)
  A bat (D:1)
  3 endoplasms
  A giant cockroach (D:1)
  6 goblins
  7 jackals
  A quokka (D:2)
  3 ball pythons
  7 frilled lizards
  2 kobolds
  6 rats
42 creatures vanquished.

Notes
Turn   | Place    | Note
-------+----------+-------------------------------------------
     0 | D:1      | qw the Deep Elf Hunter began the quest for the Orb.
     0 | D:1      | Reached XP level 1. HP: 12/12 MP: 3/3
     0 | D:1      | 0 ||| qw: Version: 0.3-a-9-g12657ce
     0 | D:1      | 0 ||| qw: Game counter: 4640
     0 | D:1      | 0 ||| qw: Always use a shield: true
     0 | D:1      | 0 ||| qw: God list: Okawaru
     0 | D:1      | 0 ||| qw: Allow faded altars: false
     0 | D:1      | 0 ||| qw: Do Orc after D:15 true
     0 | D:1      | 0 ||| qw: Do second Lair branch before Depths: true
     0 | D:1      | 0 ||| qw: Lair rune preference: random
     0 | D:1      | 0 ||| qw: Plans: Normal
     0 | D:1      | 0 ||| PLANNING D:1-11
    21 | D:1      | Found a faded altar of an unknown god.
   110 | D:1      | Reached XP level 2. HP: 16/16 MP: 4/4
   143 | D:1      | Reached skill level 6 in Ranged Weapons
   546 | D:1      | 546 ||| READING scroll labelled BAADIE EL KAN.
   547 | D:1      | 547 ||| READING scroll labelled MIROJU COAMISM.
   551 | D:1      | 551 ||| READING scroll labelled PYNKUI QEHE.
   552 | D:1      | 552 ||| READING scroll labelled JYJAVA TYUMEOFAGICW.
   553 | D:1      | 553 ||| DROPPING scroll of butterflies.
   683 | D:2      | Reached XP level 3. HP: 20/20 MP: 5/5
   684 | D:2      | Reached skill level 7 in Ranged Weapons
   692 | D:2      | HP: 3/20 [gnoll/+0 whip (9)]
   692 | D:2      | HP: 1/20 [gnoll/+0 whip (2)]
  1000 | D:2      | Found Awnos's Book Boutique.
  1093 | D:2      | Reached XP level 4. HP: 25/25 MP: 6/6
  1096 | D:2      | Found a sparkling altar of Nemelex Xobeh.
  1193 | D:2      | HP: 6/25 [poisoned by an adder]
  1196 | D:2      | HP: 2/25 [poisoned by an adder]
  1199 | D:2      | Succumbed to an adder's poison

Levels and vault maps discovered:
D:1:      wander_arrival_chamber, layout_basic,
          hellmonk_ecumenical_altar_heavens_door
D:2:      layout_loops_corners, basic_altar, serial_shops,
          nicolae_book_shop_shelving, minmay_lizard_pond

Skill      XL: |  1  2  3 |
---------------+----------+-----
Ranged Weapons | 6 7 |  7.6
Fighting       | |  1.5
Dodging        | |  2.4
Stealth        | |  1.2

Action                     |  1- 3 |  4- 6 || total
---------------------------+-------+-------++-------
   Fire: Shortbow          |    97 |    11 ||   108
    Use: Scroll            |     4 |       ||     4
 Armour: Leather armour    |    13 |     2 ||    15
  Dodge: Dodged            |    24 |     3 ||    27

Table legend:
 A = Non-vault XP
 B = Vault XP
 C = Vault XP percentage of total XP
 D = Non-vault monster count
 E = Vault monster count
 F = Vault count percentage of total count
                 A         B        C        D         E       F
            +---------+---------+-------+---------+---------+-------
      Total |     113 |       4 |   3.4 |      38 |       4 |   9.5
            +---------+---------+-------+---------+---------+-------
        D:1 |      33 |       0 |   0.0 |      21 |       0 |   0.0
        D:2 |      80 |       4 |   4.8 |      17 |       4 |  19.0
            +---------+---------+-------+---------+---------+-------
